 Dungeon Crawl Stone Soup version 0.16-a0-1120-gd281f79 (webtiles) character file.

8165 Ololoev the Jinx (level 11, -1/50 HPs)
             Began as a Spriggan Enchanter on Oct 6, 2014.
             Was a High Priest of Okawaru.
             Killed from afar by a steam dragon (13 damage)
             ... with a ball of steam
             ... on level 11 of the Dungeon.
             The game lasted 01:05:53 (12104 turns).

Ololoev the Jinx (Spriggan Enchanter)              Turns: 12104, Time: 01:05:53

Health: -1/50      AC:  7    Str:  8    XL:     11   Next: 6%
Magic:  30/32      EV: 18    Int: 19    God:    Okawaru [*****.]
Gold:   374        SH:  6    Dex: 18    Spells: 7 memorised, 11 levels left

rFire  . . .     SeeInvis +     h - +3 cutlass (elec)
rCold  . . .     Clarity  .     b - +1 robe
rNeg   . . .     SustAb   .     z - +0 buckler
rPois  .         Gourm    .     a - +2 hat
rElec  .         Spirit   .     P - +1 cloak
rCorr  .         Warding  .     (gloves unavailable)
rMut   .         Stasis   .     (boots unavailable)
MR     +....                    (no amulet)
Stlth  +++++.....               (no ring)
                                C - +4 ring of strength

@: very quick, somewhat resistant to hostile enchantments, quite stealthy
A: unfitting armour, see invisible, herbivore 3, speed 3, slow metabolism 2
a: Heroism, Finesse, Renounce Religion


You were on level 11 of the Dungeon.
You worshipped Okawaru.
Okawaru was extremely pleased with you.
You were not hungry.

You visited 2 branches of the dungeon, and saw 12 of its levels.
You also visited: Ossuary.

You collected 629 gold pieces.
You spent 255 gold pieces at shops.

Inventory:

Hand weapons
 h - a +3 cutlass of electrocution (weapon)
Missiles
 O - a throwing net (quivered)
Armour
 a - a +2 hat (worn)
 b - a +1 robe (worn)
 z - a +0 buckler (worn)
 P - a +1 cloak (worn)
Magical devices
 s - a wand of teleportation (2)
 x - a wand of digging (5)
Comestibles
 o - 3 bread rations
 w - 5 fruits
Scrolls
 e - 3 scrolls of immolation
 f - 5 scrolls of teleportation
 i - a scroll of recharging
 m - 9 scrolls of remove curse
 q - 3 scrolls of amnesia
 t - a scroll of blinking
 u - 3 scrolls of magic mapping
 v - a scroll of noise {unknown}
 y - 2 scrolls of enchant armour
 A - 2 scrolls of enchant weapon
 F - a scroll of fear {unknown}
 G - a scroll of acquirement {unknown}
 K - a scroll of holy word {unknown}
 Q - a scroll of vulnerability
Jewellery
 C - a +4 ring of strength (left hand)
 M - an uncursed ring of flight
Potions
 d - 3 potions of porridge
 g - 5 potions of heal wounds
 j - 3 potions of flight
 k - 4 potions of agility
 l - a potion of invisibility {unknown}
 n - 6 potions of curing
 p - 2 potions of cancellation
 r - 3 potions of might
 B - a potion of brilliance {unknown}
 D - a potion of beneficial mutation {unknown}
 E - 2 potions of restore abilities {unknown}
 H - 2 potions of berserk rage {unknown}
 I - a potion of lignification {unknown}
 J - 4 potions of poison {unknown}
 L - a potion of mutation {unknown}
 N - a potion of haste {unknown}
 R - a potion of cure mutation {unknown}
Books
 c - a book of Maledictions

   Spells                             Type                      Level
   *Corona                            Hexes                        1
   *Sure Blade                        Hexes/Charms                 2
   *Ensorcelled Hibernation           Hexes/Ice                    2
   *Confuse                           Hexes                        3
   *Dazzling Spray                    Conjuration/Hexes            3
   *Enslavement                       Hexes                        4


   Skills:
 - Level 1.7 Fighting
 * Level 9.6 Short Blades
 - Level 3.0 Dodging
 + Level 8.5 Stealth
 * Level 2.0 Shields
 - Level 10.0 Spellcasting
 - Level 11.9 Hexes
 - Level 2.2 Ice Magic
 + Level 5.0 Evocations


You had 11 spell levels left.
You knew the following spells:

 Your Spells              Type           Power        Failure   Level  Hunger
a - Corona                Hex            ######.      1%          1    None
b - Ensorcelled Hibernat  Hex/Ice        #####.       1%          2    None
c - Confuse               Hex            ######..     1%          3    None
d - Dazzling Spray        Conj/Hex       ####....     1%          3    None
e - Enslavement           Hex            ######..     1%          4    ##.....
f - Sure Blade            Hex/Chrm       ####......   1%          2    None
g - Control Teleport      Chrm/Tloc      #.........   75%         4    ##.....


Dungeon Overview and Level Annotations

Branches:
Dungeon (11/15)            Temple (1/1) D:7            Lair (0/8) D:10
    Orc: D:9-12

Altars:
Ashenzari
Cheibriados
Dithmenos
Elyvilon
Fedhas
Gozag
Kikubaaqudgha
Makhleb
Nemelex Xobeh
Okawaru
Qazlal
Ru
Sif Muna
Trog
Vehumet
Xom
Yredelemnul
Zin
The Shining One

Shops:
D:8 *   D:11 :

Annotations:
D:8 exclusion: 2 oklob saplings


Innate Abilities, Weirdness & Mutations

You are tiny and cannot use many weapons and most armour.
You have supernaturally acute eyesight.
You are a herbivore.
You cover ground extremely quickly.
You need consume almost no food.


Message History

The komodo dragon skeleton bites you but does no damage.
You hit the komodo dragon skeleton.
The komodo dragon skeleton is engulfed in a cloud of scalding steam.
The komodo dragon skeleton completely misses you.
You hit the komodo dragon skeleton. You hit the komodo dragon skeleton.
There is a sudden explosion of sparks!
The komodo dragon skeleton bites you!
Casting: Ensorcelled Hibernation
Confirm with . or Enter, or press ? or * to list all spells.
Aiming: Ensorcelled Hibernation
Press: ? - help, Shift-Dir - straight line, f - steam dragon
Aim: a steam dragon (catching its breath)
The steam dragon resists with significant effort.
The steam dragon barely misses you. x2
The komodo dragon skeleton bites you!
* * * LOW HITPOINT WARNING * * *
There is an open door here.
The steam dragon breathes steam at you. The ball of steam hits you!
You die...

#....#..)# #....#.).#
#+##....#...#
#.......#)..#
#.......#..(# ###
#.......#.).# ..#
#......##...#
..#.....#.....Z#....#
..#.....#.....D§@...#
..#.....#......#....#
..#.....+....###...)#
..##....##+###......#
...#..........).....#
...#..........#######
...#..........#
####..........#
......######..#


You could see a steam dragon and a komodo dragon skeleton.

Vanquished Creatures
  A hill giant (D:11)
  Pikel (D:7)
  A moth of wrath (D:3)
  A manticore (D:11)
  A troll (D:9)
  A hippogriff (D:8)
  A wyvern (D:9)
  2 wandering mushrooms (D:8)
  Eustachio (D:5)
  2 wargs (D:10)
  Edmund (D:5)
  Menkaure (Ossuary)
  4 orc warriors
  A water moccasin (D:8)
  2 ice beasts
  A sky beast (D:9)
  A black bear (D:9)
  A necrophage (D:5)
  3 ogres
  2 slaves (D:7)
  7 spiders (D:10)
  Sigmund (D:2)
  4 centaurs
  A big kobold (D:8)
  4 giant frogs
  2 scorpions
  An eye of draining (D:9)
  13 killer bees
  A yak skeleton (D:10)
  5 wights (D:6)
  2 hounds
  A giant frog zombie (D:9)
  6 orc priests
  10 crimson imps
  4 goliath beetles
  3 iguanas (D:10)
  8 orc wizards
  Crazy Yiuf (D:7)
  8 worker ants
  An ogre skeleton (D:6)
  Ijyb (D:7)
  An ogre zombie (D:5)
  3 mummies (Ossuary)
  A gnoll (D:1)
  10 adders
  2 shadow imps
  6 worms
  3 giant mites (D:6)
  An iguana zombie (D:5)
  An adder skeleton (D:4)
  7 giant geckos
  33 orcs
  21 bats
  A bat zombie (D:7)
  18 hobgoblins
  18 jackals
  33 kobolds
  4 quokkas
  3 ball pythons
  4 giant cockroaches
  2 giant newts
  3 gnoll skeletons (Ossuary)
  A gnoll zombie (Ossuary)
  8 goblins
  2 goblin skeletons
  A goblin zombie (Ossuary)
  4 hobgoblin skeletons
  3 hobgoblin zombies
  A jackal zombie (D:5)
  3 kobold skeletons
  2 kobold zombies (Ossuary)
  2 orc skeletons
  4 orc zombies
  13 rats
  4 rat skeletons
  A rat zombie (Ossuary)
  A butterfly (D:6)
338 creatures vanquished.

Vanquished Creatures (others)
  A giant spore (D:9)
  A gnoll skeleton (Ossuary)
  3 gnoll zombies (Ossuary)
  5 goblin skeletons (Ossuary)
  2 hobgoblin skeletons
  4 hobgoblin zombies (Ossuary)
  3 kobold zombies (Ossuary)
  2 orc skeletons (Ossuary)
  3 orc zombies (Ossuary)
  4 rat skeletons (Ossuary)
  2 rat zombies (Ossuary)
30 creatures vanquished.

Grand Total: 368 creatures vanquished

Notes
Turn   | Place    | Note
--------------------------------------------------------------
     0 | D:1      | Ololoev, the Spriggan Enchanter, began the quest for the Orb.
     0 | D:1      | Reached XP level 1. HP: 9/9 MP: 4/4
   223 | D:1      | Reached XP level 2. HP: 7/13 MP: 3/8
   234 | D:1      | Learned a level 2 spell: Ensorcelled Hibernation
  1099 | D:1      | Reached XP level 3. HP: 13/16 MP: 11/11
  1104 | D:1      | Learned a level 3 spell: Confuse
  1921 | D:2      | Reached XP level 4. HP: 13/21 MP: 15/15
  1996 | D:2      | Noticed Sigmund
  2422 | D:2      | Killed Sigmund
  2422 | D:2      | Reached skill level 5 in Spellcasting
  2422 | D:2      | Reached XP level 5. HP: 24/24 MP: 10/20
  2546 | D:3      | Reached skill level 5 in Hexes
  2645 | D:3      | Learned a level 3 spell: Dazzling Spray
  2763 | D:3      | Reached skill level 6 in Spellcasting
  2888 | D:3      | Found a blossoming altar of Fedhas.
  3022 | D:3      | Reached XP level 6. HP: 25/28 MP: 17/22
  3118 | D:3      | Noticed a moth of wrath
  3120 | D:3      | Found a bloodstained altar of Trog.
  3742 | D:3      | Killed a moth of wrath
  3742 | D:3      | Reached skill level 1 in Fighting
  3742 | D:3      | Reached skill level 5 in Stealth
  3742 | D:3      | Reached XP level 7. HP: 31/34 MP: 1/24
  4143 | D:5      | Entered Level 5 of the Dungeon
  4195 | D:5      | Reached skill level 7 in Spellcasting
  4389 | D:5      | Got a fine flail
  4430 | D:5      | Reached skill level 1 in Ice Magic
  4473 | D:5      | Noticed Eustachio
  4522 | D:5      | Killed Eustachio
  4522 | D:5      | Reached XP level 8. HP: 23/38 MP: 1/26
  4785 | D:5      | Noticed Edmund
  4803 | D:5      | Killed Edmund
  4807 | D:5      | Found a sand-covered staircase.
  4815 | Ossuary  | Entered an ossuary
  5268 | Ossuary  | Noticed Menkaure
  5277 | Ossuary  | Killed Menkaure
  5893 | D:6      | Reached skill level 8 in Hexes
  5933 | D:6      | Learned a level 4 spell: Enslavement
  5936 | D:6      | Learned a level 2 spell: Sure Blade
  5941 | D:6      | Learned a level 4 spell: Control Teleport
  5971 | D:6      | Reached skill level 9 in Hexes
  6205 | D:6      | Reached skill level 5 in Short Blades
  6216 | D:6      | Reached XP level 9. HP: 7/42 MP: 16/29
  6632 | D:6      | Got a warped long sword
  6634 | D:6      | Identified the +8 long sword "Kemmeofo" {pain, *Rage Dex+3} (You found it on level 6 of the Dungeon)
  6846 | D:6      | Reached skill level 10 in Hexes
  7036 | D:7      | Noticed Ijyb
  7045 | D:7      | Killed Ijyb
  7351 | D:7      | Found a staircase to the Ecumenical Temple.
  7420 | Temple   | Entered the Ecumenical Temple
  7497 | Temple   | Became a worshipper of Warmaster Okawaru
  7631 | D:7      | Noticed Pikel
  7665 | D:7      | Killed Pikel
  8062 | D:7      | Noticed Crazy Yiuf
  8068 | D:7      | Killed Crazy Yiuf
  8068 | D:7      | Acquired Okawaru's first power
  8432 | D:8      | Reached skill level 11 in Hexes
  8534 | D:8      | Found Zeykujylot's General Store.
  9275 | D:8      | Reached XP level 10. HP: 44/46 MP: 31/31
  9298 | D:8      | Bought a potion of curing for 20 gold pieces
  9298 | D:8      | Bought a scroll of vulnerability for 75 gold pieces
  9298 | D:8      | Bought a scroll of blinking for 75 gold pieces
  9298 | D:8      | Bought a scroll of magic mapping for 35 gold pieces
  9298 | D:8      | Bought a potion of degeneration for 20 gold pieces
  9298 | D:8      | Bought a scroll of remove curse for 30 gold pieces
  9439 | D:8      | Found a blossoming altar of Fedhas.
  9573 | D:9      | Reached skill level 10 in Spellcasting
  9686 | D:9      | Reached skill level 1 in Evocations
 10236 | D:10     | Entered Level 10 of the Dungeon
 10545 | D:10     | Found a staircase to the Lair.
 11018 | D:10     | HP: 2/46 [poisoned by a spider]
 11026 | D:10     | HP: 1/46 [poisoned by a spider]
 11431 | D:10     | Reached skill level 1 in Shields
 11621 | D:11     | Noticed a manticore
 11629 | D:11     | Killed a manticore
 11676 | D:11     | Found Juirocw's Book Boutique.
 11881 | D:11     | Noticed a hill giant
 11902 | D:11     | Killed a hill giant
 11902 | D:11     | Acquired Okawaru's second power
 11902 | D:11     | Reached XP level 11. HP: 22/50 MP: 24/32
 11924 | D:11     | Reached skill level 5 in Evocations
 12104 | D:11     | Killed from afar by a steam dragon

Action                   |  1- 3 |  4- 6 |  7- 9 | 10-12 || total
-------------------------+-------+-------+-------+-------++-------
Melee: Dagger            |    94 |   181 |    43 |       ||   318
       Cutlass           |       |       |   309 |   198 ||   507
 Cast: Corona            |     2 |       |       |       ||     2
       Ensorcelled Hiber |     8 |    48 |    56 |    45 ||   157
       Confuse           |       |     9 |    33 |    11 ||    53
       Dazzling Spray    |       |       |     8 |       ||     8
Evoke: Wand              |       |     1 |       |     1 ||     2
  Use: Scroll            |       |     2 |    16 |     4 ||    22
 Stab: Sleeping          |    16 |    38 |    57 |    47 ||   158
       Confused          |       |     7 |    17 |     5 ||    29
       Distracted        |       |       |     1 |     1 ||     2
       Invisible         |       |       |     1 |       ||     1
  Eat: Bread ration      |       |     1 |       |       ||     1
       Fruit             |       |       |     6 |       ||     6
       Pizza             |       |       |       |     2 ||     2
